[Event "*** SCC Grand Prix: Titled Tuesday Blitz"]
[Site "Chess.com"]
[Date "2020.10.13"]
[Round "3"]
[White "Reader777"]
[Black "WildTricks"]
[Result "1-0"]
[WhiteElo "2692"]
[BlackElo "2438"]
[TimeControl "180+1"]
[EndTime "10:29:00 PDT"]
[Termination "Reader777 won on time"]

1. d4 Nf6 2. c4 e6 3. g3 d5 4.
Bg2 Be7 5. Nf3 O-O 6. O-O dxc4 7.
Qc2 c6 8. a4 b6 9. Na3 Na6 10.
Nxc4 Nb4 11. Qb3 a5 12. Nfe5 Nfd5 13. e4 Nf6 14. Bd2 Ba6 15. Bxb4 Bxb4 16. Nxc6 Qc7 17. d5 Rfd8 18. Rfd1 Nxe4 19. Bxe4 exd5 20. Rxd5 Re8 21. Re5 Rxe5 22. N4xe5 Re8 23. Bd5 Rxe5 24. Nxe5 Qxe5 25. Bxf7+ Kf8 26. Bc4 Bb7 27. Qe3 Qc7 28. Rd1 Qxc4 29. Rd8+ Kf7 30. Rd7+ Kf6 31. Rxb7 Bc5 32. Qf3+ Kg6 33.
Kg2 h5 34. Rd7 h4 35. Qd3+ Qxd3 36. Rxd3 hxg3 37. hxg3 Kf5 38. Kf3 g5 39. Rd5+ Kf6 40. Kg4 Ke6 41. Rxg5 Bxf2 42. Rb5 Bc5 43. Rxc5 bxc5 44.
Kf4 Kd5 45. g4 Kc4 46. g5 Kb3 47. g6 Kxb2 48. g7 c4 49. g8=Q c3 50. Qg7 Kb3 51. Ke3 c2 52. Kd2 Kxa4 53. Kxc2 Kb4 54. Qc7 Ka4 55. Qb6 1-0

[Event "*** SCC Grand Prix: Titled Tuesday Blitz"]
[Site "Chess.com"]
[Date "2020.10.13"]
[Round "3"]
[White "Sashadav97"]
[Black "alejanchess73"]
[Result "1-0"]
[WhiteElo "2594"]
[BlackElo "2402"]
[TimeControl "180+1"]
[EndTime "10:29:00 PDT"]
[Termination "Sashadav97 won by resignation"]

1. d4 d5 2. c4 c6 3. Nf3 Nf6 4. Nc3 g6 5. Bg5 Bg7 6. e3 O-O 7. Be2 dxc4 8. Bxc4 b5 9. Be2 a6 10. O-O Bb7 11. Rb1 Nbd7 12. b4 a5 13. a3 axb4 14. axb4 Nb6 15. h3 Na4 16. Nxa4 Rxa4 17. Qc2 Nd5 18. Qc5 Qd6 19. Rfc1 Qxc5 20. bxc5 f6 21.
Bh4 Rfa8 22. Bg3 Bc8 23. e4 Nb4 24. Bd1 Na2 25. Bxa4 Nxc1 26. Bd1 Bh6 27. d5 f5 28.
Nd4 Nd3 29. Nxc6 Nxc5 30. Nxe7+ Kf7 31. Nxc8 Rxc8 32. exf5 gxf5 33. Rxb5 f4 34. Bh4 Ne4 35. Bh5+ Kf8 36. Rb1 Bg5 37. Bxg5 Nxg5 38. Rd1 Rd8 39. d6 Ne4 40. d7 Nf6 41. Bf3 Rxd7 42. Ra1 Kg7 43. Ra4 Nd5 44. Bxd5 Rxd5 45. Rxf4 Kg6 46. g4 Rd4 47. Rxd4 1-0

[Event "*** SCC Grand Prix: Titled Tuesday Blitz"]
[Site "Chess.com"]
[Date "2020.10.13"]
[Round "3"]
[White "nelsoncopa"]
[Black "ViktoriyaTarasova"]
[Result "0-1"]
[WhiteElo "1816"]
[BlackElo "2257"]
[TimeControl "180+1"]
[EndTime "10:29:01 PDT"]
[Termination "ViktoriyaTarasova won on time"]

1. d4 Nf6 2. c4 e6 3. Nc3 Bb4 4.
Nf3 b6 5. e3 Bb7 6. Be2 O-O 7.
Qb3 Bxc3+ 8. Qxc3 Be4 9. O-O d5 10. a3 Nbd7 11. b4 c5 12. dxc5 bxc5 13. b5 Nb6 14. a4 Bxf3 15. gxf3 d4 16. exd4 cxd4 17. Qb3 e5 18. Bg5 h6 19. Bh4 g5 20.
Bg3 Re8 21. a5 Nbd7 22. Qb4 Rc8 23. Rac1 Nc5 24. b6 axb6 25. axb6 Qe7 26. Ra1 Rb8 27.
Rfb1 Rb7 28. Ra7 Rxa7 29. bxa7 Qxa7 30. h4 Nh5 31. hxg5 hxg5 32. Kg2 Nf4+ 33. Bxf4 exf4 34. Qb5 Rxe2 35. Rh1 Kg7 36. Qb1 d3 37. Qd1 f6 38.
Rh5 Ne6 39. Qg1 d2 0-1

[Event "*** SCC Grand Prix: Titled Tuesday Blitz"]
[Site "Chess.com"]
[Date "2020.10.13"]
[Round "3"]
[White "Sankalp_Gupta2003"]
[Black "Barmen_EV"]
[Result "0-1"]
[WhiteElo "2731"]
[BlackElo "2502"]
[TimeControl "180+1"]
[EndTime "10:29:02 PDT"]
[Termination "Barmen_EV won on time"]

1. e4 c5 2. Nf3 Nc6 3. Nc3 e5 4. Bc4 Be7 5. d3 Nf6 6. O-O O-O 7. Ng5 d6 8. f4 Bg4 9. Qe1 exf4 10. Bxf4 Nd4 11.
Qd2 Bh5 12. h3 h6 13. Nf3 Bxf3 14. gxf3 Nh5 15. Be3 Ng3 16. Rf2 Bh4 17. f4 Kh7 18.
f5 Nh5 19. Rff1 Ng3 20. Rf2 Nh5 21. Nd5 Bxf2+ 22. Qxf2 b5 23. Bb3 Nxb3 24. axb3 Nf6 25. Nf4 c4 26. Kh1 cxb3 27. cxb3 d5 28. e5 d4 29. Bd2 Nd5 30. Nh5 Ne3 31. Rg1 Qd5+ 32. Kh2 Qxe5+ 33. Kh1 Nxf5 34. Bf4 Qd5+ 35. Kh2 Rae8 36.
Rxg7+ Kh8 37. Rg2 Re6 38. Rg1 Nh4 39. Qg3 Re2+ 0-1

[Event "*** SCC Grand Prix: Titled Tuesday Blitz"]
[Site "Chess.com"]
[Date "2020.10.13"]
[Round "3"]
[White "Alexandercs432"]
[Black "KatarinaOstojic"]
[Result "0-1"]
[WhiteElo "2170"]
[BlackElo "2337"]
[TimeControl "180+1"]
[EndTime "10:29:02 PDT"]
[Termination "KatarinaOstojic won on time"]

1. e4 c5 2. Nf3 d6 3. d4 cxd4 4.
Nxd4 Nf6 5. Nc3 a6 6. Be3 e5 7.
Nb3 Be6 8. f3 Be7 9. Qd2 O-O 10.
O-O-O a5 11. Bb5 Nc6 12. g4 Qc7 13. g5 Nh5 14. Kb1 g6 15. Nd5 Bxd5 16. exd5 Nb8 17. a4 Nd7 18. Qf2 Rfc8 19. Rd2 Ng7 20. Bd3 b6 21. h4 Nh5 22. Bb5 Nc5 23. Nxc5 bxc5 24. c4 f5 25. gxf6 Bxf6 26. Bg5 Qe7 27. Qe3 Rf8 28.
Rg2 Ra7 29. Rhg1 Qd8 30. Qe4 Bxg5 31. Rxg5 Rg7 32. Ka2 Rf4 33. Qe3 Rxh4 34. Qe2 Nf4 35. Qc2 Nh3 36. R5g3 Nxg1 37. Rxg1 Qf6 38. Bd7 Rxd7 39.
Qb3 Rh3 40. Qb8+ Kg7 41. f4 exf4 42. Qa8 Qd8 43. Qa6 f3 44. Qb5 f2 45. Rf1 Rf3 46.
Qb6 Qxb6 0-1

[Event "*** SCC Grand Prix: Titled Tuesday Blitz"]
[Site "Chess.com"]
[Date "2020.10.13"]
[Round "3"]
[White "dosto07"]
[Black "kinga2008"]
[Result "1-0"]
[WhiteElo "2335"]
[BlackElo "2169"]
[TimeControl "180+1"]
[EndTime "10:29:02 PDT"]
[Termination "dosto07 won by resignation"]

1. d4 c5 2. d5 e6 3. e4 exd5 4. exd5 d6 5. Nc3 Ne7 6. Nf3 g6 7. Bb5+ Bd7 8. O-O Bg7 9. Bf4 Qb6 10. a4 O-O 11. Qd2 a6 12. a5 Qc7 13. Bc4 Bg4 14. Ne1 Nd7 15. h3 Bf5 16. g4 Bxc3 17.
Qxc3 Be4 18. Bh6 Ne5 19. f4 f6 20. fxe5 fxe5 21. Rxf8+ Rxf8 22. Bxf8 Kxf8 23. Qe3 Bxd5 24. Bxd5 Nxd5 25. Qf3+ Nf4 26. Nd3 g5 27. Nxf4 gxf4 28. Qd5 c4 29. Rd1 Ke7 30. Qe4 Qc5+ 31. Kg2 Ke6 32.
Qf5+ Ke7 33. Qxh7+ Kd8 34. Qxb7 Qe3 35. Qb6+ Ke8 36. Qxe3 fxe3 37. Kf3 c3 38. Kxe3 cxb2 39. Rb1 d5 40. Rxb2 Kd7 41. Rb6 Kc7 42. Rxa6 Kb7 43.
Rb6+ Kc7 44. g5 d4+ 45. Kd3 e4+ 1-0

[Event "*** SCC Grand Prix: Titled Tuesday Blitz"]
[Site "Chess.com"]
[Date "2020.10.13"]
[Round "3"]
[White "monalize"]
[Black "KerryStead"]
[Result "1-0"]
[WhiteElo "2294"]
[BlackElo "2033"]
[TimeControl "180+1"]
[EndTime "10:29:03 PDT"]
[Termination "monalize won on time"]

1. e4 g6 2. d4 Bg7 3. Nc3 c6 4. Nf3 d5 5. h3 dxe4 6. Nxe4 Nf6 7. Bd3 O-O 8. O-O Nbd7 9. Re1 Nxe4 10. Bxe4 Nf6 11. Bd3 Be6 12. Rxe6 fxe6 13. Qe2 Qd6 14. Ng5 Nd5 15. Nxe6 Rf7 16. a3 b5 17. Bd2 a5 18. Re1 Nc7 19. Nxg7 Kxg7 20. c3 Raf8 21.
f3 Nd5 22. Qe5+ Kg8 23. Bc2 a4 24. Bh6 Qxe5 25. Rxe5 Rd8 26. Kf2 Rd7 27. h4 Nf4 28. g3 Nh5 29. Bg5 Kf8 30. Be4 Rd6 31. Rc5 e6 32.
Bxc6 Rc7 33. Bxb5 Rxc5 34. dxc5 Rd5 35. Be3 Ke7 36. Bxa4 Nf6 37. Bc2 Nd7 38. b4 Ne5 39. Ke2 Nc4 40. Bb3 Nxe3 41. Kxe3 Re5+ 42. Kd3 Rf5 43.
Ke3 Re5+ 44. Kd2 Rf5 45. Bd1 h5 46. a4 Kd7 47. a5 Kc6 48. Be2 Rd5+ 49. Ke3 Re5+ 50.
Kf2 1-0

[Event "*** SCC Grand Prix: Titled Tuesday Blitz"]
[Site "Chess.com"]
[Date "2020.10.13"]
[Round "3"]
[White "TigrVShlyape"]
[Black "LionTheLeon_06"]
[Result "1-0"]
[WhiteElo "2843"]
[BlackElo "2634"]
[TimeControl "180+1"]
[EndTime "10:29:04 PDT"]
[Termination "TigrVShlyape won by checkmate"]

1. d4 Nf6 2. Nf3 e6 3. Bf4 b6 4. e3 Bb7 5. Nbd2 c5 6. h3 cxd4 7. exd4 Be7 8. a4 O-O 9. Bd3 a6 10. O-O d6 11. Re1 Nbd7 12. Bh2 Re8 13. a5 b5 14. c4 bxc4 15. Nxc4 Qb8 16. Ra3 Bxf3 17. Qxf3 Nd5 18. Qd1 Qc7 19. Qb1 N7f6 20. Rc1 Qd7 21. b4 Reb8 22. Rb3 Ra7 23. Nd2 g6 24. b5 axb5 25.
Bxb5 Qd8 26. Nc4 h5 27. Bg3 Kg7 28. Bc6 Rxb3 29. Qxb3 Ne4 30. Bh2 Rxa5 31. Nxa5 Qxa5 32. Bxd5 exd5 33. Rd1 h4 34. Bf4 Bf6 35. Be3 Qa8 36. Rb1 Qa5 37. Qc2 g5 38. Qc1 Qa2 39. Rb7 Kg6 40.
Qc7 Qa1+ 41. Kh2 Qf1 42. Qxf7+ Kh6 43. Qh7# 1-0

[Event "*** SCC Grand Prix: Titled Tuesday Blitz"]
[Site "Chess.com"]
[Date "2020.10.13"]
[Round "3"]
[White "BursaBBSatranc"]
[Black "ExtremeLearner"]
[Result "1-0"]
[WhiteElo "2605"]
[BlackElo "2407"]
[TimeControl "180+1"]
[EndTime "10:29:05 PDT"]
[Termination "BursaBBSatranc won by resignation"]

1. d4 Nf6 2. Bf4 g6 3. e3 Bg7 4.
Nf3 O-O 5. h3 d6 6. Be2 Nbd7 7.
O-O b6 8. c3 Bb7 9. Nbd2 Re8 10. a4 a6 11. Qb3 e5 12. Bh2 e4 13. Ne1 h5 14. a5 b5 15. c4 c6 16. Bxd6 Nf8 17.
Bh2 Ne6 18. Qc2 Ng5 19. h4 Ngh7 20. cxb5 cxb5 21. Qc7 Qxc7 22. Bxc7 Rac8 23. Be5 Nd5 24. Bxg7 Kxg7 25. Nb3 Rc6 26. Nc5 Bc8 27. Nc2 Nhf6 28. Rac1 Nd7 29. b4 Nxc5 30. dxc5 Rc7 31. Nd4 Nxb4 32. Rfd1 Bg4 33. f3 exf3 34. gxf3 Bd7 35. Kf2 Nc6 36. Nxc6 Bxc6 37. Rd6 Ba8 38. Rxa6 Bb7 39. Ra7 Rce7 40. Bxb5 Bc8 41. Rxe7 Rxe7 42. a6 Ra7 43. Rd1 Bxa6 44. Ra1 Rb7 45. Bxa6 Rb2+ 46.
Kg3 1-0

[Event "*** SCC Grand Prix: Titled Tuesday Blitz"]
[Site "Chess.com"]
[Date "2020.10.13"]
[Round "3"]
[White "Malev212"]
[Black "ClydeHillKid"]
[Result "1-0"]
[WhiteElo "2551"]
[BlackElo "2312"]
[TimeControl "180+1"]
[EndTime "10:29:05 PDT"]
[Termination "Malev212 won by resignation"]

1. e4 e6 2. Qe2 c5 3. g3 Nc6 4.
Bg2 Nf6 5. Nf3 Be7 6. O-O d5 7.
e5 Nd7 8. d3 Qc7 9. Re1 O-O 10.
c4 f6 11. exf6 Nxf6 12. Nc3 Nd4 13. Nxd4 cxd4 14. Nxd5 exd5 15. Qxe7 Qxe7 16. Rxe7 dxc4 17. dxc4 Bg4 18. h3 Bh5 19. Bd2 Rae8 20. Rae1 b6 21. f4 Bf7 22. b3 a5 23. g4 Rxe7 24. Rxe7 Re8 25. Rxe8+ Bxe8 26. f5 Kf7 27. Kf2 Ke7 28.
Bf4 Nd7 29. Bc7 Kf6 30. Bd5 Nc5 31. Bxb6 Nd3+ 32. Kf3 Ne5+ 33. Ke4 d3 34. Ke3 h5 35.
Bd4 hxg4 36. hxg4 Bd7 37. Be4 Bc6 38. Bxc6 a4 39. Be4 g5 40. fxg6 axb3 41. axb3 Kg5 42.
Bxe5 Kxg4 43. Bxd3 Kh5 44. g7 Kh6 45. g8=Q 1-0

[Event "*** SCC Grand Prix: Titled Tuesday Blitz"]
[Site "Chess.com"]
[Date "2020.10.13"]
[Round "3"]
[White "tk22h"]
[Black "crazy_but_lazy"]
[Result "1/2-1/2"]
[WhiteElo "2317"]
[BlackElo "2504"]
[TimeControl "180+1"]
[EndTime "10:29:05 PDT"]
[Termination "Game drawn by repetition"]

1. d4 Nf6 2. Bg5 Ne4 3. Bf4 c5 4. f3 Qa5+ 5. c3 Nf6 6. dxc5 Qxc5 7. e4 Nc6 8. Qd2 d6 9. Na3 g6 10. Nb5 Qb6 11. Be3 Qd8 12. Ne2 Bg7 13. Ng3 O-O 14. Be2 a6 15. Nd4 d5 16. Nxc6 bxc6 17. e5 Nd7 18. f4 e6 19. c4 a5 20. O-O Ba6 21. Rfc1 Qb8 22. b3 Rc8 23. cxd5 cxd5 24. Bxa6 Rxa6 25. Rxc8+ Qxc8 26. Ne2 Bf8 27. Rc1 Rc6 28. Qxa5 Rxc1+ 29. Bxc1 Qc2 30. Qd2 Bc5+ 31. Kf1 Qf5 32.
Ng3 Qb1 33. Qb2 Qd3+ 34. Qe2 Qb1 35. Qb2 Qd3+ 36. Qe2 Qd4 37. Ke1 Bb4+ 38. Bd2 Nc5 39. Bxb4 Nd3+ 40. Kf1 Nxb4 41. Qf2 Qa1+ 42. Qe1 Qd4 43.
Qf2 Qd3+ 44. Qe2 Qb1+ 45. Kf2 Nd3+ 46. Ke3 Nc1 47. Qd2 Nxa2 48. Ne2 Qe4+ 49. Kf2 Nb4 50.
Nc3 Nd3+ 51. Kg3 Qd4 52. Nb5 Qe4 53. Nd6 Qd4 54. Nb5 Qe4 55. Nd6 Qd4 56. Nb5 1/2-1/2

[Event "*** SCC Grand Prix: Titled Tuesday Blitz"]
[Site "Chess.com"]
[Date "2020.10.13"]
[Round "3"]
[White "karwowskikacper"]
[Black "Chamal_Gedgafov"]
[Result "1-0"]
[WhiteElo "2331"]
[BlackElo "2161"]
[TimeControl "180+1"]
[EndTime "10:29:06 PDT"]
[Termination "karwowskikacper won by resignation"]

1. c4 Nf6 2. Nc3 c5 3. e4 d6 4.
Nge2 g6 5. d4 Bg7 6. dxc5 Qa5 7.
cxd6 Nxe4 8. dxe7 Nxc3 9. Qd8+ Qxd8 10. exd8=Q+ Kxd8 11.
Nxc3 Re8+ 12. Be3 Be6 13. O-O-O+ Kc8 14. Nb5 Rd8 15. Nxa7+ Kc7 16. Nb5+ Kc8 17. a3 Nc6 18. Rxd8+ Kxd8 19. Be2 Na5 20. Rd1+ Kc8 21. Bb6 Bf6 22.
f4 Ra6 23. Bxa5 Rxa5 24. Bf3 Ra6 25. b3 Rb6 26. a4 Bf5 27. Nd6+ Rxd6 28. Rxd6 Be7 29.
Rd1 Ba3+ 30. Kd2 Kc7 31. Bd5 f6 32. h3 h5 33. Kc3 Bd6 34. Rf1 Bc5 35. b4 Bd6 36. c5 Be7 37. Re1 b6 38. Rxe7+ Kd8 39.
Rf7 bxc5 40. bxc5 Ke8 41. Kd4 1-0

[Event "*** SCC Grand Prix: Titled Tuesday Blitz"]
[Site "Chess.com"]
[Date "2020.10.13"]
[Round "3"]
[White "Fh2411"]
[Black "Gloomy_Wanderer"]
[Result "0-1"]
[WhiteElo "2517"]
[BlackElo "2761"]
[TimeControl "180+1"]
[EndTime "10:29:07 PDT"]
[Termination "Gloomy_Wanderer won by resignation"]

1. d4 Nf6 2. Nf3 e6 3. Bg5 h6 4. Bh4 c5 5. e3 cxd4 6. exd4 Be7 7. c3 b6 8. Nbd2 O-O 9. Bd3 Ba6 10. Bxa6 Nxa6 11. O-O d6 12. Qe2 Nc7 13. Rfe1 Re8 14. a4 Qd7 15. a5 b5 16. a6 Qc6 17. Ra5 Rab8 18. Bxf6 Bxf6 19. Ne4 Be7 20. b4 Nd5 21. Ra3 Rec8 22. Qd2 Rb6 23. Rea1 Nxb4 24. Nxd6 Qxd6 25. cxb4 Qxb4 26. Qxb4 Bxb4 27. Rb3 Bc3 28. Ra2 b4 29. g3 Rd8 30. Ra4 Rdd6 31. Kg2 Rxa6 32. Raxb4 Bxb4 33. Rxb4 Rab6 34. Ra4 a6 35. Ne5 Rd5 36. Kf3 f6 37.
Nd3 Rbd6 38. Ke4 Kf7 39. f4 Rb5 40. Nc5 a5 41. h4 h5 42. f5 exf5+ 43. Ke3 Rb4 44.
Rxa5 Rbxd4 45. Ra7+ Kg6 46. Re7 Rc4 47. Ne6 Re4+ 48.
Kf3 Rexe6 0-1

[Event "*** SCC Grand Prix: Titled Tuesday Blitz"]
[Site "Chess.com"]
[Date "2020.10.13"]
[Round "3"]
[White "onnoelgersma"]
[Black "MikeSailer"]
[Result "1-0"]
[WhiteElo "2495"]
[BlackElo "2103"]
[TimeControl "180+1"]
[EndTime "10:29:07 PDT"]
[Termination "onnoelgersma won on time"]

1. e4 d5 2. exd5 Qxd5 3. Nc3 Qd6 4. Nf3 Nf6 5. Bc4 c6 6. d4 Bg4 7. Be3 e6 8. h3 Bh5 9. O-O Be7 10. a4 a5 11. g4 Bg6 12. Ne5 Nbd7 13. f4 Nd5 14.
Bxd5 cxd5 15. Nb5 Qb8 16. f5 Nxe5 17. dxe5 exf5 18. gxf5 Qxe5 19. Bf4 Qxf5 20. Nc7+ Kf8 21. Nxa8 Bc5+ 22. Kh2 Bh5 23. Qd2 g5 24. Bg3 Qd7 25. Nc7 Bd6 26. Nxd5 Bxg3+ 27. Kxg3 Rg8 28. Qd3 Rg6 29.
Nf6 Qc7+ 30. Kg2 Kg7 31. Nxh5+ Kh6 32. Ng3 g4 33. Nf5+ Kh5 34. hxg4+ Rxg4+ 35. Kh3 Qe5 36. Qf3 1-0

[Event "*** SCC Grand Prix: Titled Tuesday Blitz"]
[Site "Chess.com"]
[Date "2020.10.13"]
[Round "3"]
[White "Korchmar_Vasiliy"]
[Black "PlotnikovPavel"]
[Result "1-0"]
[WhiteElo "2574"]
[BlackElo "2377"]
[TimeControl "180+1"]
[EndTime "10:29:08 PDT"]
[Termination "Korchmar_Vasiliy won by checkmate"]

1. d4 Nf6 2. Nf3 g6 3. Bg5 Bg7 4. Nbd2 O-O 5. e3 d6 6. Bd3 Nbd7 7. O-O Re8 8. c3 b6 9. a4 Bb7 10. a5 a6 11. axb6 cxb6 12. e4 e5 13. Re1 Qc7 14. h3 Rad8 15. Bxa6 exd4 16. Nxd4 Bxe4 17. Nxe4 Rxe4 18.
Rxe4 Nxe4 19. Bxd8 Qxd8 20. Bb7 Ndc5 21. Ra8 Nxb7 22.
Rxd8+ Nxd8 23. Qa4 Bf6 24. Qe8+ Kg7 25. Qxe4 Nb7 26.
Qxb7 d5 27. Ne6+ Kh6 28. Qxf7 Be5 29. g4 g5 30. Qd7 Bf6 31. Qxd5 Kg6 32. Qc6 Kf7 33.
Qxb6 Be7 34. Qc6 Kf6 35. b4 Kf7 36. b5 h5 37. f3 hxg4 38. hxg4 Kg6 39. b6 Kf7 40. b7 Kf6 41. b8=Q Ba3 42. c4 Be7 43. Qd5 Ba3 44. Kg2 Ke7 45. Nxg5 Kf6 46. Ne4+ Kg6 47.
f4 Kg7 48. f5 Kh6 49. f6 Kg6 50. f7 Kh7 51. c5 Kg6 52. c6 Kh6 53. c7 Kg6 54.
c8=Q Bb2 55. Qxb2 Kh6 56. f8=Q+ Kg6 57. Qff2 Kh7 58. Qcc2 Kg6 59. Qce2 Kh7 60. g5 Kg6 61. Qg3 Kh7 62. g6+ Kh6 63. g7 Kh7 64. Nd2 Kh6 65.
Nb3 Kh7 66. Na1 Kh6 67. Qdd1 Kh7 68. Qbc3 Kh6 69. Qcf3 Kh7 70. Qgg4 Kh6 71. Kh3 Kh7 72. Kh4 Kh6 73. Nb3 Kh7 74. Kh5 Kg8 75. Nd2 Kh7 76. Nf1 Kg8 77. Ng3 Kh7 78. g8=N Kh8 79. Nh6 Kh7 80.
Qg8# 1-0

[Event "*** SCC Grand Prix: Titled Tuesday Blitz"]
[Site "Chess.com"]
[Date "2020.10.13"]
[Round "3"]
[White "Mbneu"]
[Black "Forantes"]
[Result "1-0"]
[WhiteElo "2255"]
[BlackElo "2425"]
[TimeControl "180+1"]
[EndTime "10:29:09 PDT"]
[Termination "Mbneu won by checkmate"]

1. d4 Nf6 2. c4 g6 3. Nc3 d5 4. cxd5 Nxd5 5. g3 Bg7 6. Bg2 Nb6 7. Nf3 O-O 8. O-O Nc6 9. d5 Na5 10. Be3 Nac4 11. Bd4 Nxb2 12. Qc2 N2c4 13. Bxg7 Kxg7 14.
Rad1 Bf5 15. e4 Bg4 16. h3 Bd7 17. Nd4 Qc8 18. Kh2 c5 19. Nde2 Rd8 20. Qc1 f6 21. f4 Nd6 22. e5 Nf5 23. g4 Nh4 24. e6 Bxe6 25. dxe6 Rxd1 26. Qxd1 Nxg2 27. Kxg2 Qxe6 28. Qd3 Nc4 29. Rf3 Nd6 30. Ng3 Rd8 31. f5 Qc4 32.
Qe3 Nf7 33. Qxe7 Rd2+ 34. Nge2 g5 35. Qe6 Qb4 36. Re3 c4 37. Ne4 Rb2 38. Qxf6+ Kf8 39. Nxg5 Qb6 40. Qxf7# 1-0

[Event "*** SCC Grand Prix: Titled Tuesday Blitz"]
[Site "Chess.com"]
[Date "2020.10.13"]
[Round "3"]
[White "SergeyShtyka"]
[Black "kakakz"]
[Result "1/2-1/2"]
[WhiteElo "2229"]
[BlackElo "2372"]
[TimeControl "180+1"]
[EndTime "10:29:09 PDT"]
[Termination "Game drawn by repetition"]

1. e4 e6 2. Nf3 d5 3. e5 c5 4. b4 b6 5. bxc5 bxc5 6. c3 Ne7 7.
d4 Nec6 8. Bd3 Be7 9. O-O O-O 10. a4 Ba6 11. Bxa6 Nxa6 12. Ba3 Na5 13. Nbd2 Rb8 14. Rb1 Qd7 15. Qe2 c4 16. Bxe7 Qxe7 17. Rb5 Qc7 18. Rfb1 Nc6 19. Ng5 h6 20. Nh3 Rb6 21. Nf4 Rfb8 22. Nh5 Qe7 23. Qg4 Qg5 24. Qxg5 hxg5 25.
Nf3 g4 26. Nd2 Nc7 27. Rxb6 Rxb6 28. Rxb6 axb6 29. Nf4 b5 30. axb5 Nxb5 31. Ne2 Na5 32. Nf1 f5 33. f3 gxf3 34. gxf3 Nb3 35. Kf2 g5 36. Kg3 Kg7 37. h4 Kg6 38. hxg5 Kxg5 39.
f4+ Kg6 40. Kf3 Na1 41. Ne3 Nb3 42. Nd1 Nd2+ 43. Ke3 Nf1+ 44. Kf2 Nd2 45. Ke3 Ne4 46. Kf3 Kh5 47. Ng3+ Kh4 48. Nxe4 fxe4+ 49. Ke3 Kg4 50. Nf2+ Kf5 51. Nd1 Kg4 52. Nf2+ Kf5 53. Nd1 Kg4 1/2-1/2

[Event "*** SCC Grand Prix: Titled Tuesday Blitz"]
[Site "Chess.com"]
[Date "2020.10.13"]
[Round "3"]
[White "ViditYT"]
[Black "Airquake"]
[Result "1-0"]
[WhiteElo "2850"]
[BlackElo "2637"]
[TimeControl "180+1"]
[EndTime "10:29:10 PDT"]
[Termination "ViditYT won on time"]

1. d4 Nf6 2. c4 e6 3. Nf3 d5 4. g3 Be7 5. Bg2 O-O 6. O-O b6 7. cxd5 exd5 8. Nc3 Bb7 9. Bf4 Nbd7 10. Rc1 c5 11.
Ne5 Re8 12. e3 h6 13. h4 cxd4 14. exd4 Ne4 15. Nb5 Nxe5 16. Bxe5 Ba6 17. Qa4 Bxb5 18.
Qxb5 Bf6 19. Bc7 Qe7 20. Qxd5 Rac8 21. Be5 Bxe5 22. Rxc8 Rxc8 23. dxe5 Nc5 24. Rd1 Na4 25.
Qd4 Nc5 26. Bh3 Re8 27. f4 g5 28. hxg5 hxg5 29. Kf2 gxf4 30. gxf4 Qh4+ 31. Kg2 Kh7 32. Rh1 Rg8+ 33. Kf1 Qe7 34. b4 Ne6 35. Bxe6+ Kg7 36. Rg1+ Kf8 37. Rxg8+ Kxg8 38. Bg4 1-0

[Event "*** SCC Grand Prix: Titled Tuesday Blitz"]
[Site "Chess.com"]
[Date "2020.10.13"]
[Round "3"]
[White "Kaslask"]
[Black "Sn00pPawn"]
[Result "0-1"]
[WhiteElo "2255"]
[BlackElo "1984"]
[TimeControl "180+1"]
[EndTime "10:29:12 PDT"]
[Termination "Sn00pPawn won on time"]

1. d4 Nf6 2. c4 g6 3. Nc3 Bg7 4. e4 O-O 5. Be2 d6 6. Be3 Na6 7. Nf3 Ng4 8. Bg5 h6 9. Bh4 g5 10. Bg3 Qe8 11. h4 gxh4 12. Rxh4 f5 13. exf5 Bxf5 14.
Nd2 h5 15. Nde4 c5 16. f3 Ne3 17. Qd2 Nxg2+ 18. Kf2 Nxh4 19. Bxh4 Bxd4+ 20. Kf1 Qg6 21. Nf2 Nb4 22. a3 Nc2 23. Nd5 Rae8 24. Rc1 e6 25.
Rxc2 Bxc2 26. Nf4 Qh7 27. N2h3 Rf5 28. Ng5 Rxg5 29. Bxg5 Kh8 30. Nh3 Rg8 31. f4 Qf5 32.
Kg2 Be4+ 33. Kh2 e5 34. Qe1 exf4 35. Qh4 Qh7 36. Bxh5 f3 37. Bf6+ Bxf6 38. Qxf6+ Qg7 39. Qxg7+ Rxg7 40. Nf4 Rh7 0-1

[Event "*** SCC Grand Prix: Titled Tuesday Blitz"]
[Site "Chess.com"]
[Date "2020.10.13"]
[Round "3"]
[White "guillembaches"]
[Black "NikolaGry"]
[Result "0-1"]
[WhiteElo "2414"]
[BlackElo "2625"]
[TimeControl "180+1"]
[EndTime "10:29:14 PDT"]
[Termination "NikolaGry won on time"]

1. e4 d5 2. exd5 Nf6 3. c4 e6 4.
Nc3 exd5 5. d4 c6 6. Nf3 Bb4 7. Bd3 O-O 8. O-O dxc4 9. Bxc4 Bg4 10. Be3 Nbd7 11. h3 Bh5 12. g4 Bg6 13. Ne5 Nb6 14.
Bb3 Nfd5 15. Bd2 Bd6 16. f4 f6 17. Nxg6 hxg6 18. Qf3 Bc7 19. Rae1 Qd7 20. Qd3 f5 21. g5 Rae8 22. Qf3 Kf7 23. Kg2 Rxe1 24. Rxe1 Re8 25. Rxe8 Kxe8 26. h4 Qe6 27. h5 gxh5 28. Qxh5+ g6 29.
Qf3 Kd7 30. Kf2 a5 31. a3 Kc8 32. Ba2 Kb8 33. Nxd5 Nxd5 34. Bxd5 cxd5 35. Qe2 Qe4 36. Qxe4 dxe4 37. Ke2 Bb6 38. Be3 Kc7 39. Kd2 Kc6 40.
Kc3 Kd5 41. b4 a4 42. Bd2 Bxd4+ 43. Kc2 e3 44. Be1 Ke4 45. Kd1 Kd3 0-1

[Event "*** SCC Grand Prix: Titled Tuesday Blitz"]
[Site "Chess.com"]
[Date "2020.10.13"]
[Round "3"]
[White "Lucas_Tomiello"]
[Black "azikom"]
[Result "0-1"]
[WhiteElo "2423"]
[BlackElo "2634"]
[TimeControl "180+1"]
[EndTime "10:29:15 PDT"]
[Termination "azikom won by resignation"]

1. e4 c5 2. Nf3 e6 3. d4 cxd4 4. Nxd4 a6 5. Nc3 b5 6. Bd3 Bb7 7. O-O d6 8. Qe2 Nd7 9. a4 b4 10. Na2 a5 11. c3 bxc3 12. Nxc3 Ngf6 13. Bd2 Be7 14. Rfc1 O-O 15. Ncb5 Nc5 16. f3 d5 17. e5 Nfd7 18. Bc2 Qb6 19. Kh1 Rfc8 20. b4 axb4 21. Bxb4 Bf8 22. a5 Qa6 23. Qe3 Rab8 24. Bd1 Bc6 25.
Bxc5 Bxc5 26. Nd6 Rc7 27. Be2 Qa7 28. Nxc6 Bxe3 29. Nxa7 Rxc1+ 30. Rxc1 Bxc1 31. Nc6 Rb1 32. g3 Ra1 33. a6 Nxe5 34. Nxe5 Bb2+ 35. Kg2 Bxe5 36.
Nc8 Bd4 37. f4 g6 38. Kf3 Kg7 39. Ne7 Ra3+ 40. Kg2 Bc5 41. Nc6 h6 42. Ne5 g5 43. fxg5 hxg5 44. Nd7 Ba7 45. h4 gxh4 46. gxh4 d4 47. Ne5 Re3 0-1

[Event "*** SCC Grand Prix: Titled Tuesday Blitz"]
[Site "Chess.com"]
[Date "2020.10.13"]
[Round "3"]
[White "kuban1991"]
[Black "jacky72"]
[Result "1-0"]
[WhiteElo "2806"]
[BlackElo "2555"]
[TimeControl "180+1"]
[EndTime "10:29:17 PDT"]
[Termination "kuban1991 won by checkmate"]

1. Nf3 Nf6 2. g3 g6 3. Bg2 Bg7 4. O-O O-O 5. c4 d6 6. Nc3 Nc6 7. Rb1 a5 8. a3 e5 9. d3 Re8 10. Bg5 h6 11. Bxf6 Bxf6 12. b4 axb4 13. axb4 Bg7 14.
b5 Ne7 15. Ne1 c6 16. Nc2 d5 17. Nb4 Be6 18. bxc6 bxc6 19. Nxc6 Nxc6 20. cxd5 e4 21. dxe6 Rxe6 22. Nxe4 Ra2 23. e3 Ne5 24. d4 Nd7 25. Qb3 Qa5 26. Qb5 Qa7 27. Qb7 Rb6 28.
Qxa7 Rxa7 29. Nc5 Rxb1 30. Rxb1 Nf6 31. h3 Nd7 32. Nxd7 Rxd7 33. Rb8+ Kh7 34. Bc6 Rc7 35.
d5 Be5 36. Ra8 Kg7 37. f4 Bd6 38. e4 f6 39. Kf2 g5 40. Kf3 h5 41. h4 g4+ 42. Ke3 Bc5+ 43. Ke2 Ra7 44. Rxa7+ Bxa7 45. Be8 Kh6 46. Kd3 Bf2 47. d6 Bc5 48. e5 fxe5 49. fxe5 Bf2 50. d7 Bb6 51. Ke4 Bd8 52. Kf5 Be7 53. Ke6 Bd8 54. Kf7 Kh7 55. e6 Bc7 56.
e7 Bxg3 57. d8=Q Be5 58. Bd7 Bf6 59. Bf5+ Kh6 60. Qd6 g3 61. e8=Q g2 62. Qh8# 1-0

[Event "*** SCC Grand Prix: Titled Tuesday Blitz"]
[Site "Chess.com"]
[Date "2020.10.13"]
[Round "3"]
[White "LedakovAlexandr"]
[Black "Denis_Makhnyov"]
[Result "0-1"]
[WhiteElo "2467"]
[BlackElo "2884"]
[TimeControl "180+1"]
[EndTime "10:29:17 PDT"]
[Termination "Denis_Makhnyov won on time"]

1. d4 Nf6 2. Nf3 e6 3. Bg5 h6 4.
Bh4 d5 5. Nbd2 Nbd7 6. e3 b6 7. Bb5 Bb7 8. Ne5 g5 9. Bg3 a6 10. Bd3 Bd6 11. f4 Qe7 12. Qe2 c5 13. c3 cxd4 14. exd4 b5 15. O-O Rg8 16. f5 Kd8 17. Nxf7+ Qxf7 18. Bxd6 exf5 19. Bxf5 Re8 20. Qd3 Ne4 21.
Nxe4 dxe4 22. Qg3 Qd5 23. Rae1 a5 24. Be5 Nxe5 25. dxe5 Qxe5 26. Rd1+ Kc7 27. Rd7+ Kb8 28. Rd8+ Kc7 29. Rd7+ Kb8 30. Qe3 Ra6 31. g4 Rc6 32. Rfd1 Qc5 33. Kf2 Qe5 34. Kg2 Bc8 35. R1d5 Bxd7 36.
Rxe5 Rxe5 37. Bxd7 Rd6 38. Bf5 Kb7 39. Kf2 Ka6 0-1